 Dungeon Sprint DCSS version 0.29-a0-284-gf9362112df (webtiles) character file.

Game seed: 14123524620838023538

232620 mhtbhm the Axe Maniac (level 17, -6/191 HPs)
             Began as a Minotaur Berserker on Mar 19, 2022.
             Was the Champion of Trog.
             Killed from afar by Dispater (25 damage)
             ... with damnation
             ... in the Dungeon (Sprint III: "The Ten Rune Challenge").
             The game lasted 00:29:33 (9243 turns).

mhtbhm the Axe Maniac (Minotaur Berserker)          Turns: 9243, Time: 00:29:34

Health: -6/191     AC: 55    Str: 38    XL:     17   Next: 33%
Magic:  7/16       EV: 40    Int:  9    God:    Trog [******]
Gold:   3423       SH:  0    Dex: 16    Spells: 16/16 levels left

rFire   + + .      SeeInvis .   a - +11 battleaxe of Xiojipp {vorpal, Will+}
rCold   . . .      Faith    .   (shield currently unavailable)
rNeg    + + .      Spirit   .   l - +13 crystal plate armour of Akuodip {rElec}
rPois   .          Reflect  .   H - +0 hat {Int+3}
rElec   +          Harm     .   Y - +4 dragonskin cloak
rCorr   .          Rampage  .   E - +0 pair of gloves {Dex+3}
Will    ++...      Clarity  +   F - +1 pair of boots
Stlth   +......... NoTele   +   m - amulet of Safen {Acrobat -Tele rF++ rN++}
HPRegen 0.41/turn               W - ring of flight
MPRegen 0.15/turn               i - ring "Eroafeul" {EV+4 Str+9}

@: on berserk cooldown, acrobatic, flying, slowed, studying 2 skills, very slow
A: horns 2, retaliatory headbutt, clarity, clever 1, strong 1, evolution 1
}: 4/10 runes: decaying, serpentine, silver, demonic
a: Renounce Religion, Berserk, Trog's Hand, Brothers in Arms


You were in the Dungeon.
You worshipped Trog.
Trog was exalted by your worship.
You visited 1 branch You collected 5616 gold pieces.
You spent 2193 gold pieces at shops.

Inventory:

Hand Weapons
 a - the +11 battleaxe of Xiojipp (weapon) {vorpal, Will+}
   (Trog gifted it to you in the Dungeon)

   It inflicts extra damage upon your enemies.
   Will:      It increases your willpower.
 r - a +4 vampiric broad axe
 u - the +8 executioner's axe of the Orb {antimagic, Str+3}
   (Trog gifted it to you in the Dungeon)

   It reduces the magical energy of the wielder, and disrupts the spells and
   magical abilities of those it strikes.
   Natural abilities and divine invocations are not affected.
   Str:       It affects your strength (+3).
 C - the +7 battleaxe "Nice Worm's Wrath" {antimagic, rN+ Stlth+}
   (Trog gifted it to you in the Dungeon)

   It reduces the magical energy of the wielder, and disrupts the spells and
   magical abilities of those it strikes.
   Natural abilities and divine invocations are not affected.
   rN:        It protects you from negative energy.
   Stlth:     It makes you more stealthy.
 K - the +7 great mace "Undeadhunter" {disrupt, rN+}
   (You found it in the Dungeon)

   It inflicts significantly more damage against the undead.
   rN:        It protects you from negative energy.
Missiles
 v - 7 curare-tipped darts (quivered)
Armour
 b - the +11 plate armour of the Noxious God {Harm rPois rCorr Int+3}
   (You took it off a deep elf high priest in the Dungeon)

   Int:       It affects your intelligence (+3).
   rPois:     It protects you from poison.
   rCorr:     It protects you from acid and corrosion.
   Harm:      It increases damage dealt and taken.
 k - a +2 tower shield of reflection
 l - the +13 crystal plate armour of Akuodip (worn) {rElec}
   (You found it in the Dungeon)

   rElec:     It insulates you from electricity.
 E - a +0 pair of gloves of dexterity (worn)
 F - a +1 pair of boots (worn)
 H - a +0 hat of intelligence (worn)
 Y - the +4 dragonskin cloak (worn)
   (You took it off Tiamat in the Dungeon)

   It grants the wearer a chance to resist fire, cold, poison, electricity,
   acid, and negative energy.
Jewellery
 i - the ring "Eroafeul" (right hand) {EV+4 Str+9}
   (You bought it in a shop in the Dungeon)

   [ring of evasion]

   EV:        It affects your evasion (+4).
   Str:       It affects your strength (+9).
 j - an amulet of regeneration
 m - the amulet of Safen (around neck) {Acrobat -Tele rF++ rN++}
   (You found it in the Dungeon)

   [amulet of the acrobat]

   It increases your evasion while moving and waiting.
   rF:        It greatly protects you from fire.
   rN:        It greatly protects you from negative energy.
   -Tele:     It prevents most forms of teleportation.
 w - the ring of Loyllayck {rElec rN+ MP-9 Dex+4}
   (You bought it in a shop in the Dungeon)

   [ring of positive energy]

   Dex:       It affects your dexterity (+4).
   rElec:     It insulates you from electricity.
   rN:        It protects you from negative energy.
   MP:        It affects your magic capacity (-9).
 D - a ring of protection from fire
 P - a ring of positive energy
 Q - a ring of see invisible
 R - the ring of Itak {+Blink rC+ Str+3 Int-4}
   (You took it off a deep elf demonologist in the Dungeon)

   [ring of protection from cold]

   Str:       It affects your strength (+3).
   Int:       It affects your intelligence (-4).
   rC:        It protects you from cold.
   +Blink:    It lets you blink.
 W - a ring of flight (left hand)
Wands
 x - a wand of paralysis (9)
 y - a wand of acid (18)
 z - a wand of iceblast (8)
 T - a wand of digging (5)
Scrolls
 h - 5 scrolls of blinking
 n - 2 scrolls of immolation
 A - a scroll of enchant weapon
 B - a scroll of summoning
 L - a scroll of fear
 S - 2 scrolls of silence
 X - 7 scrolls of identify
 Z - 4 scrolls of enchant armour
Potions
 c - 7 potions of curing
 d - 6 potions of heal wounds
 e - 3 potions of haste
 f - 2 potions of magic
 g - 4 potions of berserk rage
 o - 5 potions of mutation
 p - 5 potions of might
 G - 3 potions of attraction
 J - a potion of cancellation
 V - 3 potions of flight
Miscellaneous
 q - a box of beasts
 M - the horn of Geryon
 N - a condenser vane
 O - a lightning rod (4/4)


   Skills:
 O Level 27 Fighting
 O Level 27 Axes
 - Level 4.1 Throwing
 O Level 27 Armour
 + Level 25.6 Dodging
 - Level 20.4 Stealth
 * Level 24.9 Shields
 + Level 15.6 Evocations


You had 16 spell levels left.
You didn't know any spells.
Your spell library was empty.

Dungeon Overview and Level Annotations

Branches:
Dungeon (1/1)

Altars:
Cheibriados
Dithmenos
Elyvilon
Fedhas
Gozag
Hepliaklqana
Kikubaaqudgha
Makhleb
Nemelex Xobeh
Okawaru
Qazlal
Ru
Sif Muna
Trog
Uskayaw
Vehumet
Wu Jian
Xom
Yredelemnul
Zin
The Shining One
Beogh
Jiyva
Lugonu

Shops:
D !=[:[?([[![[:?[[![:=((?

Annotations:
D Dispater


Innate Abilities, Weirdness & Mutations

You have a pair of horns on your head.
You reflexively headbutt those who attack you in melee.
You possess an exceptional clarity of mind.
Your mind is acute. (Int +2)
Your muscles are strong. (Str +2)
You have hidden genetic potential.


Message History

You headbutt Dispater, but do no damage.
Dispater is heavily wounded.
You slash the Hell Sentinel!
Unknown command.
You slash Dispater!
You headbutt Dispater, but do no damage.
Dispater is heavily wounded.
You slice the Hell Sentinel!! The Hell Sentinel gestures at you.
The sphere of damnation explodes!
The damnation engulfs you!!
* * * LOW HITPOINT WARNING * * *
The damnation engulfs Dispater.
Dispater completely resists.
The damnation engulfs the Hell Sentinel.
The Hell Sentinel completely resists.
Dispater hits you but does no damage.
The Hell Sentinel roars!
You slash Dispater!
Dispater is heavily wounded.
You completely miss the Hell Sentinel.
Unknown command.
You slice Dispater!! Your headbutt misses Dispater.
Dispater is heavily wounded.
You slice the Hell Sentinel!!
You are no longer berserk.
You are exhausted.
You feel yourself slow down. The Hell Sentinel gestures at you.
The sphere of damnation explodes!
The damnation engulfs you!!
* * * LOW HITPOINT WARNING * * *
The damnation engulfs Dispater.
Dispater completely resists.
The damnation engulfs the Hell Sentinel.
The Hell Sentinel completely resists.
Dispater completely misses you.
Unknown command.
The Hell Sentinel roars!
The Hell Sentinel completely misses you. x2
There is an open door here.
You cannot blink because you are wearing the amulet of Safen {Acrobat -Tele rF++ rN++}.
Dispater attacks as you move away! Dispater hits you but does no damage.
Dispater gestures at you.
The sphere of damnation explodes!
The damnation engulfs you!!
You die...

,,* ♣♣.♣♣..≈.≈♣ ##########..##
,** ♣♣≈.♣♣♣♣♣♣≈♣ ##..)).......##
** ♣...†.§.≈..♣ #∩..).......### *
♣.≈.[[§§P.≈♣ #∩.############
♣.♣.P§§§.≈.♣ #∩...........##
♣♣♣♣♣♣♣♣∩∩∩♣ ##...........##
♣♣♣♣♣ ##############
****##############*********######
,,,*#.'..#......@#*,≈,,,,≈,#...##
****#.#.†)..####'#*≈,,,,,,≈#.[.##
≈≈≈*#.####..#..1&#*,,,,,,,,#)###.
≈≈,*#.#.[##'#....#*,,,,,,,,+...'.
≈≈,*#.#./#..#...[#*,,,,,,,,#'###.
,,,*#.'..#..#.})φ#*≈,,,,,,≈#≈≈≈##
,,,*######''######*,≈,,,,≈,#'#'##
,,,*##.#.#..#.#.######++####.#.#
,,8*#....))).....##..'.....#'####


You could see Dispater and a Hell Sentinel.

Vanquished Creatures
  An orb of fire (D)
  An ancient lich (D)
  Sojobo (D)
  Boris (D)
  the Lernaean hydra (D)
  A Killer Klown (D)
  Geryon (D)
  An electric golem (D)
  4 bone dragons (D)
  Nellie (D)
  An Ice Fiend (D)
  An iron giant (D)
  2 Hell Sentinels (D)
  Rupert (D)
  2 Orb Guardians (D)
  A lich (D)
  A titan (D)
  A deep elf master archer (D)
  5 deep elf blademasters (D)
  A quicksilver dragon (D)
  2 sphinxes (D)
  An Executioner (D)
  Harold (D)
  Gastronok (D)
  Chuck (D)
  4 shadow dragons (D)
  Roxanne (D)
  4 azure jellies (D)
  A nagaraja (D)
  3 frost giants (D)
  An iron dragon (D)
  2 fire giants (D)
  2 draconian stormcallers (D)
  2 draconian scorchers (D)
  A draconian shifter (D)
  3 stone giants (D)
  A deep elf demonologist (D)
  4 war gargoyles (D)
  4 vampire knights (D)
  Nessos (D)
  A yellow draconian (D)
  Azrael (D)
  2 dire elephants (D)
  An iron golem (D)
  A fire dragon (D)
  A deep elf death mage (D)
  2 mummy priests (D)
  5 yaktaur captains (D)
  A naga warrior (D)
  2 hell beasts (D)
  14 vault guards (D)
  3 hydras (D)
  Erica (D)
  5 anacondas (D)
  3 centaur warriors (D)
  4 dancing weapons (D)
  An ogre mage (D)
  2 iron elementals (D)
  4 death yaks (D)
  2 soul eaters (D)
  A titan zombie (D)
  Urug (D)
  4 deep elf knights (D)
  2 sun demons (D)
  A shock serpent (shapeshifter) (D)
  3 skeletal warriors (D)
  A golden dragon zombie (D)
  A death drake (D)
  A spriggan druid (D)
  A glowing orange brain (D)
  An orange crystal statue (D)
  3 swamp dragons (D)
  A lindwurm (D)
  A deep elf zephyrmancer (D)
  An obsidian statue (D)
  Joseph (D)
  A spectral iron dragon (D)
  3 deep elf pyromancers (D)
  2 oklob plants (D)
  An orc knight (D)
  2 fauns (shapeshifter) (D)
  A manticore (shapeshifter) (D)
  An orc sorcerer (D)
  4 crystal guardians (D)
  4 ugly things (D)
  A shining eye (D)
  2 elephants (D)
  A moth of wrath (D)
  3 rust devils (D)
  A stone giant skeleton (D)
  5 black mambas (D)
  5 statues (D)
  A guardian serpent (D)
  A water nymph (shapeshifter) (D)
  2 cane toads (D)
  A torpor snail (shapeshifter) (D)
  A komodo dragon (D)
  An unseen horror (D)
  A rime drake (D)
  11 yaktaurs (D)
  2 ice devils (D)
  11 guardian mummies (D)
  A queen bee (D)
  4 spriggan defenders (D)
  2 tyrant leeches (D)
  8 blink frogs (D)
  2 orc high priests (D)
  3 slime creatures (D)
  3 wandering mushrooms (D)
  A culicivora (shapeshifter) (D)
  A shadow (D)
  2 spriggans (D)
  3 redbacks (D)
  A golden eye (D)
  A swamp worm (shapeshifter) (D)
  A spatial vortex (D)
  4 iron troll simulacra (D)
  2 nagas (D)
  3 water moccasins (D)
  2 floating eyes (D)
  3 orc warriors (D)
  A fire dragon simulacrum (D)
  3 swamp drakes (D)
  A black mamba simulacrum (D)
  2 centaurs (D)
  An earth elemental (D)
  A necrophage (D)
  A water elemental (D)
  32 killer bees (D)
  An electric eel (D)
  A jelly (D)
  Crazy Yiuf (D)
  4 orc priests (D)
  A wizard (D)
  Jessica (D)
  5 orc wizards (D)
  A polar bear simulacrum (D)
  2 necromancers (D)
  A wolf simulacrum (D)
  3 humans (D)
  A kobold demonologist (D)
  5 adders (D)
  An adder simulacrum (D)
  7 orcs (D)
  An endoplasm (D)
  2 ball python zombies (D)
  A quokka zombie (D)
  2 rats (D)
  9 butterflies (D)
  11 plants (D)
368 creatures vanquished.

Vanquished Creatures (collateral kills)
  Tiamat (D)
  A bone dragon (D)
  A draconian shifter (D)
  A deep elf demonologist (D)
  A deep elf high priest (D)
  4 vault guards (D)
  A deep elf pyromancer (D)
  A deep elf zephyrmancer (D)
11 creatures vanquished.

Vanquished Creatures (others)
  A yaktaur (D)
  A bush (D)
  29 plants (D)
31 creatures vanquished.

Grand Total: 410 creatures vanquished

Notes
Turn   | Place    | Note
-------+----------+-------------------------------------------
     0 | D        | mhtbhm the Minotaur Berserker began the quest for the Orb.
     0 | D        | Reached XP level 1. HP: 19/19 MP: 0/0
    82 | D        | Noticed Jessica
    90 | D        | Killed Jessica
    90 | D        | Reached ** piety under Trog
    91 | D        | Reached skill level 5 in Fighting
    91 | D        | Reached skill level 5 in Axes
    91 | D        | Reached XP level 2. HP: 9/29 MP: 1/1
    93 | D        | Reached XP level 3. HP: 7/36 MP: 2/2
   332 | D        | Noticed Crazy Yiuf
   335 | D        | Killed Crazy Yiuf
   342 | D        | Reached XP level 4. HP: 45/45 MP: 3/3
   376 | D        | Noticed a water elemental
   378 | D        | Killed a water elemental
   378 | D        | Reached *** piety under Trog
   379 | D        | Reached skill level 1 in Stealth
   384 | D        | Gained mutation: You are agile. (Dex +2) [potion of
                  | mutation]
   414 | D        | Found a basalt altar of Yredelemnul.
   414 | D        | Found a shadowy altar of Dithmenos.
   414 | D        | Found a sacrificial altar of Ru.
   414 | D        | Noticed a necrophage
   423 | D        | Killed a necrophage
   424 | D        | Reached XP level 5. HP: 37/56 MP: 4/4
   428 | D        | Reached skill level 10 in Axes
   448 | D        | Found a hide-covered altar of Uskayaw.
   448 | D        | Found an iron altar of Okawaru.
   448 | D        | Found a bloodstained altar of Trog.
   448 | D        | Found an ornate altar of the Wu Jian Council.
   448 | D        | Noticed a human
   449 | D        | Noticed a human
   457 | D        | Killed a human
   457 | D        | Reached **** piety under Trog
   458 | D        | Reached skill level 5 in Armour
   458 | D        | Reached skill level 5 in Dodging
   458 | D        | Reached XP level 6. HP: 65/66 MP: 5/5
   460 | D        | Killed a human
   461 | D        | Reached skill level 10 in Fighting
   519 | D        | Found a radiant altar of Vehumet.
   519 | D        | Found a shimmering blue altar of Sif Muna.
   519 | D        | Found an ancient bone altar of Kikubaaqudgha.
   526 | D        | Reached XP level 7. HP: 73/73 MP: 6/6
   577 | D        | Found a glowing silver altar of Zin.
   577 | D        | Found a glowing golden altar of the Shining One.
   577 | D        | Found a white marble altar of Elyvilon.
   578 | D        | Noticed a deep elf pyromancer
   583 | D        | Killed a deep elf pyromancer
   634 | D        | Reached ***** piety under Trog
   659 | D        | Noticed a shadow
   668 | D        | Killed a shadow
   669 | D        | Reached XP level 8. HP: 85/85 MP: 7/7
   674 | D        | Found a blossoming altar of Fedhas.
   674 | D        | Found a stormy altar of Qazlal.
   674 | D        | Found a snail-covered altar of Cheibriados.
   674 | D        | Found a burning altar of Makhleb.
   674 | D        | Found a shimmering altar of Xom.
   675 | D        | Found a hazy altar of Hepliaklqana.
   675 | D        | Found an opulent altar of Gozag.
   675 | D        | Found a sparkling altar of Nemelex Xobeh.
   675 | D        | Found a corrupted altar of Lugonu.
   675 | D        | Found a viscous altar of Jiyva.
   679 | D        | Reached skill level 15 in Axes
   698 | D        | Noticed Erica
   706 | D        | Killed Erica
   776 | D        | Received a gift from Trog
   834 | D        | Noticed a centaur warrior
   838 | D        | Reached XP level 9. HP: 94/94 MP: 8/8
   838 | D        | Killed a centaur warrior
   839 | D        | Reached skill level 5 in Stealth
   907 | D        | Killed an unseen horror
   946 | D        | Noticed a wandering mushroom
   950 | D        | Noticed a wandering mushroom
   952 | D        | Noticed a wandering mushroom
   972 | D        | Reached skill level 15 in Fighting
  1016 | D        | Noticed a cane toad
  1016 | D        | Noticed a komodo dragon
  1016 | D        | Noticed a cane toad
  1019 | D        | Killed a komodo dragon
  1021 | D        | Killed a cane toad
  1022 | D        | Reached XP level 10. HP: 106/106 MP: 9/9
  1024 | D        | Killed a cane toad
  1075 | D        | Reached ****** piety under Trog
  1075 | D        | Received a gift from Trog
  1226 | D        | Noticed a lindwurm
  1232 | D        | Killed a lindwurm
  1283 | D        | Noticed Urug
  1285 | D        | Killed Urug
  1285 | D        | Received a gift from Trog
  1307 | D        | Noticed an eight-headed hydra
  1307 | D        | Noticed a six-headed hydra
  1314 | D        | Killed a ten-headed hydra
  1317 | D        | Killed a seven-headed hydra
  1318 | D        | Reached XP level 11. HP: 97/117 MP: 10/10
  1527 | D        | Received a gift from Trog
  1650 | D        | Noticed an orc sorcerer
  1658 | D        | Killed an orc sorcerer
  1658 | D        | Identified the +7 battleaxe "Nice Worm's Wrath" {antimagic,
                  | rN+ Stlth+} (Trog gifted it to you in the Dungeon)
  1658 | D        | Received a gift from Trog
  1659 | D        | Found Yheq's Antique Weapon Shop.
  1668 | D        | Received a gift from Trog
  1769 | D        | Noticed a deep elf pyromancer
  1769 | D        | Noticed a deep elf zephyrmancer
  1769 | D        | Noticed a deep elf knight
  1769 | D        | Noticed a deep elf pyromancer
  1769 | D        | Noticed a deep elf knight
  1780 | D        | Killed a deep elf knight
  1781 | D        | Noticed a deep elf demonologist
  1783 | D        | Killed a deep elf knight
  1786 | D        | Killed a deep elf pyromancer
  1786 | D        | Received a gift from Trog
  1787 | D        | Killed a deep elf zephyrmancer
  1791 | D        | Killed a deep elf pyromancer
  1904 | D        | Noticed Harold
  1904 | D        | Noticed Joseph
  1910 | D        | Killed Harold
  1911 | D        | Reached skill level 10 in Dodging
  1914 | D        | Killed Joseph
  1957 | D        | Noticed a soul eater
  1964 | D        | Received a gift from Trog
  2034 | D        | Noticed an orange crystal statue
  2037 | D        | Found Geepyinlaru's Armour Emporium.
  2037 | D        | Found Oluikeaf's Jewellery Shop.
  2037 | D        | Found Paefepp's Magic Scroll Shoppe.
  2037 | D        | Found Fiduzo Uguu's Distillery.
  2037 | D        | Found Jiotzisygg's Book Emporium.
  2037 | D        | Found Zuconad's Antique Weapon Shop.
  2037 | D        | Found Nouruite's Weapon Boutique.
  2038 | D        | Found Lawuhypp's Antique Armour Boutique.
  2038 | D        | Found Leedec's Antique Armour Shoppe.
  2038 | D        | Found Sumoihy's Magic Scroll Shop.
  2038 | D        | Found Tesipn's Book Emporium.
  2088 | D        | Bought the ring of Loyllayck {rElec rN+ MP-9 Dex+4} for 235
                  | gold pieces
  2090 | D        | Bought a scroll of blinking for 105 gold pieces
  2090 | D        | Bought a scroll of magic mapping for 49 gold pieces
  2096 | D        | Bought a potion of heal wounds for 50 gold pieces
  2096 | D        | Bought a potion of heal wounds for 50 gold pieces
  2096 | D        | Bought a potion of heal wounds for 50 gold pieces
  2096 | D        | Bought a potion of heal wounds for 50 gold pieces
  2096 | D        | Bought a potion of flight for 30 gold pieces
  2119 | D        | Killed an orange crystal statue
  2168 | D        | Reached skill level 10 in Stealth
  2172 | D        | Identified the +7 battleaxe of the Wasteland {vorpal,
                  | *Noise Str-4 Dex+8} (Trog gifted it to you in the Dungeon)
  2172 | D        | Received a gift from Trog
  2258 | D        | Noticed a centaur warrior
  2261 | D        | Killed a centaur warrior
  2262 | D        | Reached XP level 12. HP: 134/134 MP: 2/11
  2270 | D        | Noticed a centaur warrior
  2276 | D        | Killed a centaur warrior
  2277 | D        | Reached skill level 10 in Armour
  2277 | D        | Reached skill level 1 in Evocations
  2295 | D        | Noticed a fire dragon
  2302 | D        | Noticed an anaconda
  2302 | D        | a sea snake changed into an anaconda
  2306 | D        | an anaconda changed into a faun
  2309 | D        | Killed a fire dragon
  2311 | D        | Received a gift from Trog
  2539 | D        | Noticed a yaktaur captain
  2555 | D        | Received a gift from Trog
  2592 | D        | Killed a yaktaur captain
  2661 | D        | Noticed a vampire knight
  2664 | D        | Killed a vampire knight
  2671 | D        | Noticed a vampire knight
  2678 | D        | Killed a vampire knight
  2678 | D        | Received a gift from Trog
  2735 | D        | Noticed a bone dragon
  2748 | D        | Killed a bone dragon
  2836 | D        | Noticed a bone dragon
  2845 | D        | Killed a bone dragon
  2903 | D        | Noticed a bone dragon
  2909 | D        | Killed a bone dragon
  2910 | D        | Reached XP level 13. HP: 128/149 MP: 3/12
  2930 | D        | Noticed a bone dragon
  2935 | D        | Noticed an Ice Fiend
  2940 | D        | Killed an Ice Fiend
  2941 | D        | Killed a bone dragon
  3019 | D        | Noticed a bone dragon
  3031 | D        | Killed a bone dragon
  3031 | D        | Identified the +3 executioner's axe "Durph" {flame, rPois
                  | Will+ Stlth-} (Trog gifted it to you in the Dungeon)
  3031 | D        | Received a gift from Trog
  3089 | D        | Noticed a vampire knight
  3092 | D        | Killed a vampire knight
  3122 | D        | Noticed a vampire knight
  3124 | D        | Paralysed by something for 2 turns
  3131 | D        | Killed a vampire knight
  3169 | D        | Identified the +11 battleaxe of Xiojipp {vorpal, Will+}
                  | (Trog gifted it to you in the Dungeon)
  3169 | D        | Received a gift from Trog
  3295 | D        | Noticed Chuck
  3337 | D        | Killed Chuck
  3549 | D        | Received a gift from Trog
  3560 | D        | Received a gift from Trog
  3569 | D        | Identified the +8 executioner's axe of the Orb {antimagic,
                  | Str+3} (Trog gifted it to you in the Dungeon)
  3569 | D        | Received a gift from Trog
  3584 | D        | Received a gift from Trog
  3751 | D        | Received a gift from Trog
  3850 | D        | Noticed a nagaraja
  3852 | D        | Found Roghelag's Book Shop.
  3852 | D        | Found Hifabuub's Antique Armour Shoppe.
  3855 | D        | Found Nuthorr's Magic Scroll Boutique.
  3861 | D        | Killed a nagaraja
  3861 | D        | Received a gift from Trog
  3862 | D        | Reached skill level 15 in Armour
  3938 | D        | Bought a pair of embroidered gloves for 127 gold pieces
  3944 | D        | Bought a scroll of blinking for 82 gold pieces
  3944 | D        | Bought a scroll of blinking for 82 gold pieces
  3959 | D        | Got a serpentine rune of Zot
  4050 | D        | Noticed Rupert
  4059 | D        | Killed Rupert
  4104 | D        | Noticed an azure jelly
  4104 | D        | Noticed an azure jelly
  4104 | D        | Noticed an azure jelly
  4104 | D        | Noticed an azure jelly
  4111 | D        | Killed an azure jelly
  4112 | D        | Reached XP level 14. HP: 165/165 MP: 4/13
  4112 | D        | Killed an azure jelly
  4113 | D        | Killed an azure jelly
  4113 | D        | Received a gift from Trog
  4115 | D        | Killed an azure jelly
  4116 | D        | Reached skill level 27 in Axes
  4116 | D        | Reached skill level 1 in Throwing
  4147 | D        | Noticed Gastronok
  4166 | D        | Killed Gastronok
  4166 | D        | Received a gift from Trog
  4167 | D        | Reached skill level 27 in Fighting
  4248 | D        | Reached skill level 15 in Stealth
  4260 | D        | Received a gift from Trog
  4309 | D        | Found Vaez's Distillery.
  4309 | D        | Found Wusmith's Jewellery Boutique.
  4309 | D        | Found Lakharem's Antique Armour Emporium.
  4429 | D        | Bought a potion of heal wounds for 50 gold pieces
  4429 | D        | Bought a potion of heal wounds for 50 gold pieces
  4429 | D        | Bought a potion of haste for 100 gold pieces
  4429 | D        | Bought 2 potions of might for 80 gold pieces
  4429 | D        | Bought a potion of might for 40 gold pieces
  4430 | D        | Bought the ring "Eroafeul" {EV+4 Str+9} for 619 gold pieces
  4431 | D        | Bought a pair of runed boots for 172 gold pieces
  4431 | D        | Bought a runed cloak for 172 gold pieces
  4457 | D        | Noticed the 27-headed Lernaean hydra
  4466 | D        | Killed the 27-headed Lernaean hydra
  4466 | D        | Received a gift from Trog
  4477 | D        | Got a decaying rune of Zot
  4688 | D        | Noticed Sojobo
  4703 | D        | Killed Sojobo
  4866 | D        | Noticed a lich
  4875 | D        | Killed a lich
  4906 | D        | Noticed a shadow dragon
  4906 | D        | Noticed a shadow dragon
  4908 | D        | Received a gift from Trog
  4919 | D        | Killed a shadow dragon
  4922 | D        | Killed a shadow dragon
  4975 | D        | Received a gift from Trog
  5167 | D        | Noticed a sphinx
  5167 | D        | Noticed a sphinx
  5171 | D        | Reached skill level 15 in Dodging
  5177 | D        | Killed a sphinx
  5177 | D        | Received a gift from Trog
  5178 | D        | Killed a sphinx
  5452 | D        | Received a gift from Trog
  5564 | D        | Reached XP level 15. HP: 174/174 MP: 1/14
  5940 | D        | Noticed Azrael
  5950 | D        | Killed Azrael
  5978 | D        | Acquired 1286 gold pieces
  6058 | D        | Found the +12 glaive of Prune {vorpal}
  6058 | D        | Found the +7 great mace "Undeadhunter" {disrupt, rN+}
  6062 | D        | Received a gift from Trog
  6106 | D        | Found a blossoming altar of Fedhas.
  6212 | D        | Identified the ring of Itak {+Blink rC+ Str+3 Int-4}
  6223 | D        | Noticed a deep elf master archer
  6225 | D        | Identified the +11 plate armour of the Noxious God {Harm
                  | rPois rCorr Int+3}
  6232 | D        | Received a gift from Trog
  6237 | D        | Killed a deep elf master archer
  6557 | D        | Noticed a shadow dragon
  6557 | D        | Noticed a titan
  6557 | D        | Noticed a quicksilver dragon
  6557 | D        | Noticed a frost giant
  6557 | D        | Noticed a fire giant
  6557 | D        | Noticed a shadow dragon
  6558 | D        | Noticed a frost giant
  6564 | D        | Received a gift from Trog
  6565 | D        | Reached skill level 1 in Shields
  6570 | D        | Reached skill level 5 in Shields
  6570 | D        | Received a gift from Trog
  6576 | D        | Killed a titan
  6576 | D        | Killed a quicksilver dragon
  6578 | D        | Killed a fire giant
  6578 | D        | Received a gift from Trog
  6578 | D        | Killed a frost giant
  6578 | D        | Killed a frost giant
  6579 | D        | Reached skill level 10 in Shields
  6579 | D        | Reached skill level 5 in Evocations
  6587 | D        | Received a gift from Trog
  6591 | D        | Killed a shadow dragon
  6592 | D        | Killed a shadow dragon
  6654 | D        | Got a silver rune of Zot
  6655 | D        | Identified the amulet of Safen {Acrobat -Tele rF++ rN++}
  6679 | D        | Identified the +2 scale mail of the Dropbear {rPois rF+}
  6696 | D        | Acquired 695 gold pieces
  6849 | D        | Noticed Nellie
  6867 | D        | Killed Nellie
  6867 | D        | Received a gift from Trog
  6874 | D        | Got a demonic rune of Zot
  7158 | D        | Received a gift from Trog
  7240 | D        | Noticed Boris
  7248 | D        | Killed Boris
  7248 | D        | Received a gift from Trog
  7250 | D        | Reached XP level 16. HP: 183/183 MP: 5/15
  7328 | D        | Found Xuime's Armour Emporium.
  7328 | D        | Found Miuzxerghe's Armour Shop.
  7328 | D        | Found Cikupsoh's Distillery.
  7328 | D        | Found Mialuath's Armour Shoppe.
  7334 | D        | Received a gift from Trog
  7362 | D        | Identified Roxanne's Collected Works on the Mountains
  7362 | D        | Noticed Roxanne
  7374 | D        | Killed Roxanne
  7375 | D        | Reached skill level 15 in Shields
  7486 | D        | Found Anoat's Armour Boutique.
  7507 | D        | Received a gift from Trog
  7559 | D        | Noticed an Executioner
  7562 | D        | Killed an Executioner
  7578 | D        | Noticed Nessos
  7582 | D        | Killed Nessos
  7582 | D        | Received a gift from Trog
  7669 | D        | Noticed a deep elf blademaster
  7669 | D        | Noticed a deep elf blademaster
  7669 | D        | Noticed a deep elf blademaster
  7669 | D        | Noticed a deep elf blademaster
  7670 | D        | Noticed a deep elf blademaster
  7674 | D        | Killed a deep elf blademaster
  7674 | D        | Received a gift from Trog
  7675 | D        | Killed a deep elf blademaster
  7677 | D        | Killed a deep elf blademaster
  7679 | D        | Killed a deep elf blademaster
  7684 | D        | Killed a deep elf blademaster
  7685 | D        | Reached skill level 10 in Evocations
  7780 | D        | Noticed a Killer Klown
  7790 | D        | Killed a Killer Klown
  7804 | D        | Noticed an Orb Guardian
  7804 | D        | Noticed an Orb Guardian
  7808 | D        | Killed an Orb Guardian
  7810 | D        | Killed an Orb Guardian
  7812 | D        | Received a gift from Trog
  7863 | D        | Noticed an ancient lich
  7869 | D        | Killed an ancient lich
  7881 | D        | Noticed an electric golem
  7885 | D        | Killed an electric golem
  7892 | D        | Received a gift from Trog
  8073 | D        | Reached skill level 27 in Armour
  8112 | D        | Found the +4 dragonskin cloak
  8112 | D        | Noticed Tiamat
  8119 | D        | Received a gift from Trog
  8124 | D        | Killed Tiamat
  8237 | D        | Noticed an orb of fire
  8307 | D        | Killed an orb of fire
  8463 | D        | Gained mutation: You sometimes lose the ability to read
                  | scrolls when taking damage. [a zot statue]
  8483 | D        | Lost mutation: You are agile. (Dex +2) [mutagenic glow]
  8597 | D        | Lost mutation: You sometimes lose the ability to read
                  | scrolls when taking damage. [potion of mutation]
  8597 | D        | Gained mutation: Your body sometimes deteriorates upon
                  | taking damage. [potion of mutation]
  8597 | D        | Gained mutation: You are robust. (+10% HP) [potion of
                  | mutation]
  8606 | D        | Lost mutation: You are robust. (+10% HP) [potion of
                  | mutation]
  8606 | D        | Lost mutation: Your body sometimes deteriorates upon taking
                  | damage. [potion of mutation]
  8606 | D        | Gained mutation: You have hidden genetic potential. [potion
                  | of mutation]
  8606 | D        | Gained mutation: Your mind is acute. (Int +2) [potion of
                  | mutation]
  8606 | D        | Gained mutation: Your muscles are strong. (Str +2) [potion
                  | of mutation]
  8606 | D        | Gained mutation: You possess an exceptional clarity of
                  | mind. [potion of mutation]
  8694 | D        | Received a gift from Trog
  8707 | D        | Reached XP level 17. HP: 178/191 MP: 5/16
  8751 | D        | Noticed Geryon
  8760 | D        | Received a gift from Trog
  8766 | D        | Received a gift from Trog
  8776 | D        | Killed Geryon
  8928 | D        | Noticed an iron giant
  8933 | D        | Killed an iron giant
  8935 | D        | Received a gift from Trog
  8942 | D        | Reached skill level 15 in Evocations
  9015 | D        | Received a gift from Trog
  9043 | D        | Noticed a Hell Sentinel
  9050 | D        | Killed a Hell Sentinel
  9054 | D        | Identified the +6 plate armour of the Blind Marksman {rN+
                  | Str+4 Dex+2 Stlth+}
  9054 | D        | Identified the +13 crystal plate armour of Akuodip {rElec}
  9223 | D        | Found the +8 arc blade {discharge, rElec}
  9223 | D        | Noticed a Hell Sentinel
  9223 | D        | Found the +4 staff of Dispater
  9223 | D        | Noticed Dispater
  9225 | D        | Noticed a Hell Sentinel
  9234 | D        | Killed a Hell Sentinel
  9243 | D        | Killed from afar by Dispater

Illustrated notes

Levels and vault maps discovered:
D:        dungeon_sprint_mu [sprint_mu_entry_cave, sprint_mu_temple_rooms,
          sprint_mu_d1_horrors, sprint_mu_d2_genie, sprint_mu_d3_branching,
          sprint_mu_orc_legion, sprint_mu_elf_gauntlet, sprint_mu_hive_nellie,
          sprint_mu_lair_fedhas, sprint_mu_vaults_butterflies,
          sprint_mu_slime_circle, sprint_mu_swamp_cave, sprint_mu_snake_twists,
          sprint_mu_blade_basic, sprint_mu_crypt_chambers,
          sprint_mu_tomb_spiral, sprint_mu_vestibule_basic,
          sprint_mu_gehenna_hellfire, sprint_mu_dis_giant,
          sprint_mu_tartarus_statrot, sprint_mu_cocytus_islands, sprint_mu_zot1]

Skill      XL: |  1  2  3  4  5  6  7  8  9 10 11 12 13 14 15 16 17 |
---------------+----------------------------------------------------+-----
Fighting       | 5 6 8 9 10 12 13 15 17 20 23 26 27 | 27.0
Axes           | 5 7 9 11 12 14 16 19 21 23 24 26 27 | 27.0
Armour         | 3 4 5 6 7 9 13 15 18 23 27 | 27.0
Dodging        | 3 4 5 6 7 8 9 10 11 12 15 19 23 25 | 25.6
Stealth        | 1 2 3 4 6 8 10 11 13 19 20 | 20.4
Evocations     | 1 7 13 15 | 15.6
Throwing       | 3 4 |  4.1
Shields        | 14 22 24 | 24.9

Action                   |  1- 3 |  4- 6 |  7- 9 | 10-12 | 13-15 | 16-18 || total
-------------------------+-------+-------+-------+-------+-------+-------++-------
Melee: Hand axe          |    11 |    24 |       |       |       |       ||    35
       Headbutt          |     1 |     4 |    10 |    43 |    86 |    65 ||   209
       War axe           |       |     3 |    31 |       |       |       ||    34
       Battleaxe         |       |       |    19 |   199 |   282 |    14 ||   514
       Executioner's axe |       |       |       |       |    67 |   204 ||   271
Throw: Dart              |       |       |       |       |     2 |       ||     2
Invok: Berserk           |     2 |     3 |     5 |     8 |    16 |     7 ||    41
       Brothers in Arms  |       |       |       |       |     5 |     3 ||     8
 Abil: Evoke Blink       |       |       |       |       |     3 |       ||     3
Evoke: Box of beasts     |       |       |       |     1 |       |     1 ||     2
       Wand              |       |       |       |       |     4 |     1 ||     5
       Lightning rod     |       |       |       |       |     4 |       ||     4
       Condenser vane    |       |       |       |       |     1 |       ||     1
  Use: Potion            |       |     1 |       |     1 |     8 |     2 ||    12
       Scroll            |       |       |       |     3 |     7 |     3 ||    13
 Stab: Sleeping          |     1 |       |     3 |    10 |    20 |     3 ||    37
       Distracted        |       |       |       |     1 |       |     2 ||     3
Armor: Animal skin       |       |     4 |     3 |       |       |       ||     7
       Scale mail        |       |       |       |    34 |    87 |       ||   121
       Plate armour      |       |       |       |       |    27 |    75 ||   102
       Crystal plate arm |       |       |       |       |       |     2 ||     2
Dodge: Dodged            |     3 |     8 |    23 |   101 |   263 |   147 ||   545

Table legend: (Time is in decaauts)
 A = Elapsed time spent in this place.
 B = Non-inter-level travel time spent in this place.
 C = Inter-level travel time spent in this place.
 D = Time resting spent in this place.
 E = Time spent auto-exploring this place.
 F = Levels seen in this place.
 G = Mean time per level.
                   A        B        C        D        E       F      G
               +--------+--------+--------+--------+--------+-----+--------+
         Total |   9435 |   9174 |    261 |   4432 |    532 |   1 | 9435.0 |
       Dungeon |   9435 |   9174 |    261 |   4432 |    532 |   1 | 9435.0 |
               +--------+--------+--------+--------+--------+-----+--------+

Top non-repeatable levels by time:
       D: 9435 daAuts
